 Dungeon Crawl Stone Soup version 0.29-a0-284-gf9362112df (webtiles) character file.

Game seed: 835116226268779114

233357 enile the Fetichist (level 18, -3/123 (131) HPs)
             Began as a Demonspawn Wanderer on Mar 16, 2022.
             Was the Champion of Hepliaklqana.
             Slain by enile's illusion (illusionary) (6 damage)
             ... woven by Mara
             ... on level 4 of the Shoals.
             The game lasted 01:36:45 (47113 turns).

enile the Fetichist (Demonspawn Wanderer)          Turns: 47113, Time: 01:36:46

HP:   -3/123 (131)  AC: 23    Str: 20    XL:     18   Next: 85%
MP:   0/36          EV:  7    Int: 11    God:    Hepliaklqana [******]
Gold: 395           SH: 24    Dex: 27    Spells: 20/21 levels left

rFire   + . .      SeeInvis .   L - +4 demon blade (drain)
rCold   + . .      Faith    .   P - +3 kite shield {AC+3}
rNeg    . . .      Spirit   +   M - +0 gold dragon scales
rPois   +          Reflect  +   (no helmet)
rElec   +          Harm     .   (no cloak)
rCorr   +          Rampage  .   J - +0 pair of gloves {infuse}
Will    +....                   (boots unavailable)
Stlth   ..........              Q - amulet of Tirpheore {Reflect +Blink rElec Str+3 SH+5}
HPRegen 0.30/turn               O - +4 ring of slaying
MPRegen 0.50/turn               F - ring of Finality {rCorr MP+9 Slay+3}

@: mighty, studying Fighting, drained
A: reduced essence, hooves 3, thin skeletal structure 2, demonic guardian 2,
magic shield, magic regeneration, agile 1, clever 1
}: 1/15 runes: serpentine
a: Renounce Religion, Evoke Blink, Recall Ancestor, Ancestor Identity,
Transference, Idealise


You were on level 4 of the Shoals.
You worshipped Hepliaklqana.
Hepliaklqana was exalted by your worship.
You visited 5 branches of the dungeon, and saw 31 of its levels.
You also visited: Gauntlet and Volcano.

You collected 2863 gold pieces.
You spent 2468 gold pieces at shops.

Inventory:

Hand Weapons
 A - the +1 falchion "Tabouruq" {speed, Str+3 Int+4}
   (You found it on level 3 of the Shoals)

   Attacks with this weapon are significantly faster.
   Str:       It affects your strength (+3).
   Int:       It affects your intelligence (+4).
 L - a +4 demon blade of draining (weapon)
Missiles
 h - 7 curare-tipped darts
 S - 4 javelins (quivered)
 W - 2 throwing nets
Armour
 f - a +0 tower shield of protection
 J - a +0 pair of gloves of infusion (worn)
 M - +0 gold dragon scales (worn)
 P - a +3 kite shield of protection (worn)
Jewellery
 i - the amulet of Jecuom {Faith Regen+}
   (You found it in a Gauntlet)

   [amulet of faith]

   It allows you to gain divine favour quickly.
   Regen:     It increases your rate of health regeneration.
 F - the ring of Finality (right hand) {rCorr MP+9 Slay+3}
   (You found it on level 2 of the Lair of Beasts)

   [ring of magical power]

   Slay:      It affects your accuracy & damage with ranged weapons and melee
   (+3).
   MP:        It affects your magic capacity (+9).
   rCorr:     It protects you from acid and corrosion.
 K - the ring of Daffodils {rElec rF+ rN+ Slay+2 Stlth-}
   (You took it off a centaur warrior on level 10 of the Dungeon)

   [ring of positive energy]

   Slay:      It affects your accuracy & damage with ranged weapons and melee
   (+2).
   rF:        It protects you from fire.
   rElec:     It insulates you from electricity.
   rN:        It protects you from negative energy.
   Stlth:     It makes you less stealthy.
 O - a +4 ring of slaying (left hand)
 Q - the amulet of Tirpheore (around neck) {Reflect +Blink rElec Str+3 SH+5}
   (You found it in a Gauntlet)

   [amulet of reflection]

   It reflects blocked missile attacks.
   Str:       It affects your strength (+3).
   rElec:     It insulates you from electricity.
   +Blink:    It lets you blink.
   SH:        It affects your SH (+5).
Wands
 g - a wand of acid (18)
 m - a wand of iceblast (11)
 B - a wand of flame (61)
 E - a wand of paralysis (11)
 N - a wand of mindburst (15)
 X - a wand of charming (3)
 Z - a wand of digging (15)
Scrolls
 a - a scroll of blinking
 d - 2 scrolls of vulnerability
 e - a scroll of holy word
 k - 2 scrolls of silence
 n - 6 scrolls of fear
 u - 9 scrolls of teleportation
 x - 4 scrolls of fog
 y - a scroll of magic mapping
 z - 8 scrolls of amnesia
 Y - a scroll of torment
Potions
 b - 13 potions of curing
 j - a potion of berserk rage
 o - 3 potions of invisibility
 p - a potion of attraction
 q - 5 potions of cancellation
 s - 3 potions of heal wounds
 t - 3 potions of resistance
 w - 8 potions of flight
 G - 6 potions of might
 H - 2 potions of haste
 I - 4 potions of magic
 R - 14 potions of mutation
 U - 4 potions of lignification
Miscellaneous
 l - a phial of floods (inert)
 r - a tin of tremorstones (inert)
 v - a condenser vane (inert)
 C - a phantom mirror (inert)
 V - a box of beasts (inert)


   Skills:
 - Level 14.0 Fighting
 - Level 12.0 Long Blades
 - Level 7.0 Throwing
 + Level 11.9 Armour
 - Level 8.0 Dodging
 - Level 5.0 Stealth
 - Level 15.0 Shields
 - Level 2.0 Spellcasting
 - Level 3.0 Earth Magic
 - Level 13.0 Invocations
 - Level 16.0 Evocations


You had 20 spell levels left.
You knew the following spells:

 Your Spells              Type           Power      Damage    Failure   Level
a - Sandblast             Erth           14%        2d6       100%        1

Your spell library contained the following spells:

 Spells                   Type           Power      Damage    Failure   Level
 Animate Skeleton         Necr           2%         N/A       100%        1
 Apportation              Tloc           2%         N/A       100%        1
 Shock                    Conj/Air       4%         1d3       100%        1
 Summon Small Mammal      Summ           4%         N/A       100%        1
 Passwall                 Tmut/Erth      3%         N/A       100%        2
 Sublimation of Blood     Necr           1%         N/A       100%        2
 Wereblood                Tmut           1%         N/A       100%        2
 Confusing Touch          Hex            1%         N/A       100%        3
 Dazzling Flash           Conj/Hex       2%         N/A       100%        3
 Mephitic Cloud           Conj/Pois/Air  1%         N/A       100%        3
 Ozocubu's Armour         Ice            1%         N/A       100%        3
 Spider Form              Tmut/Pois      1%         N/A       100%        3
 Stone Arrow              Conj/Erth      8%         3d7       100%        3
 Tukima's Dance           Hex            1%         N/A       100%        3
 Cause Fear               Hex            0%         N/A       100%        4
 Passage of Golubria      Tloc           1%         N/A       100%        4
 Agony                    Necr           1%         N/A       100%        5
 Fireball                 Conj/Fire      0%         3d3       100%        5
 Irradiate                Conj/Tmut      0%         3d13      100%        5
 Iskenderun's Battlesphe  Conj           1%         2d6       100%        5
 Silence                  Hex/Air        0%         N/A       100%        5
 Yara's Violent Unravell  Hex/Tmut       0%         3d3       100%        5
 Conjure Ball Lightning   Conj/Air       0%         3x3d6     100%        6
 Dragon Form              Tmut           0%         N/A       100%        7
 Enfeeble                 Hex            0%         N/A       100%        7
 Orb of Destruction       Conj           0%         9d5       100%        7
 Ozocubu's Refrigeration  Ice            0%         4d5       100%        7
 Summon Hydra             Summ           0%         N/A       100%        7
 Borgnjor's Revivificati  Necr           0%         N/A       100%        8
 Necromutation            Tmut/Necr      0%         N/A       100%        8
 Death's Door             Necr           0%         N/A       100%        9
 Dragon's Call            Summ           0%         N/A       100%        9


Dungeon Overview and Level Annotations

Branches:
Dungeon (15/15)            Temple (0/1) D:4            Lair (6/6) D:8
 Shoals (4/4) Lair:2        Snake (4/4) Lair:4        Slime (0/5) Lair:5
    Orc (2/2) D:12            Elf (0/3) Orc:2        Vaults (0/5) D:13
 Depths (0/4) D:15        Volcano (visited)         Gauntlet (visited)

Altars:
Cheibriados
Dithmenos
Elyvilon
Gozag
Hepliaklqana
Kikubaaqudgha
Makhleb
Nemelex Xobeh
Okawaru
Qazlal
Ru
Sif Muna
Trog
Uskayaw
Vehumet
Wu Jian
The Shining One
Beogh
Jiyva

Shops:
Orc:2 *:[(   Shoals:2 [   Snake:1 !=   Snake:2 *   Snake:3 *?

Annotations:
D:10 3 runed translucent doors
Lair:3 1 runed translucent door
Shoals:3 3 runed translucent doors, enile's ghost, adept MiWn
Shoals:4 Mara


Innate Abilities, Weirdness & Mutations

Your life essence is reduced to manifest your ancestor. (-10% HP)
You have hooves in place of feet.
You have a moderately thin skeletal structure. (Dex +4, Stealth++)
A demonic guardian rushes to your aid.
When hurt, damage is shared between your health and your magic reserves.
You regenerate magic rapidly.
You are agile. (Dex +2)
Your mind is acute. (Int +2)


Message History

Aiming: Mindburst
Press: ? - help, Shift-Dir - straight line, f - enile's illusion
Aim: enile's illusion, wielding a weapon of draining (lightly wounded, inner flame, strong, chance to affect: 26%)
Okay, then.
Okay, then.
Throw: 2 throwing nets
Press: ? - help, Q - select action, (/) - cycle Shift-Dir - straight line, f - enile's illusion
Aim: enile's illusion, wielding a weapon of draining (lightly wounded, inner flame, strong, 83% to hit, immune to nets)
Okay, then.
Mara blinks!
Okay, then.
Throw: 7 javelins
Press: ? - help, Q - select action, (/) - cycle Shift-Dir - straight line, f - enile's illusion
Aim: enile's illusion, wielding a weapon of draining (lightly wounded, inner flame, strong, 83% to hit)
You throw a javelin.
The javelin pierces through enile's illusion!
Flame seeps out of enile's illusion.
Enile's illusion is lightly wounded.
The javelin pierces through Mara!
Flame seeps out of Mara.
Mara is almost dead.
Throw: 6 javelins
Press: ? - help, Q - select action, (/) - cycle Shift-Dir - straight line, f/p - enile's illusion
Aim: enile's illusion, wielding a weapon of draining (lightly wounded, inner flame, strong, 83% to hit)
You throw a javelin.
The javelin pierces through enile's illusion but does no damage.
Enile's illusion is lightly wounded.
The javelin closely misses Mara.
You block enile's illusion's attack.
Mara is engulfed in blazing flames.
Flame seeps out of Mara.
Throw: 5 javelins
Press: ? - help, Q - select action, (/) - cycle Shift-Dir - straight line, f/p - enile's illusion
Aim: enile's illusion, wielding a weapon of draining (lightly wounded, inner flame, strong, 83% to hit)
You throw a javelin.
The javelin pierces through enile's illusion but does no damage.
Enile's illusion is lightly wounded.
The javelin misses Mara.
You block enile's illusion's attack. Enile's illusion hits you!!!
* * * LOW HITPOINT WARNING * * *
You feel drained.
You die...

≈≈#.≈.≈≈≈≈≈...#..##≈≈≈##..#
.≈≈≈≈≈≈≈#.....#P..#####...#
.............8#..PP.P....P#
################...P....P.#
#########..# #8.....8#..#
#.......#..#
#..##..#≈#..#..# .
#...#@.≈≈≈..#..# ..
#...#@.≈≈≈..#..#
#..#...#R#≈#≈..#..# ≈
#......#..≈≈≈#.#..# ≈≈
#....R.#☼≈≈.≈≈.#..# #≈≈#...
#.#°°#≈≈≈.#..# )≈(≈(.§
#.°§§#≈≈≈....#
φ≈≈≈..R##≈§(§.#)≈.)..#
#..§.#)#.≈.##≈.#..#


You could see Mara (inner flame) and enile's illusion (inner flame, strong).

Vanquished Creatures
  Vashnia (Snake:4)
  Donald (Shoals:4)
  A storm dragon (Shoals:4)
  6 nagarajas
  Ilsuiw (Shoals:3)
  An orc warlord (Orc:2)
  An ironbound preserver (D:13)
  The ghost of enile the Protected, a journeyman FoWn of Okawaru (D:11)
  A minotaur (Gauntlet)
  Snorg (Lair:5)
  5 merfolk javelineers
  A dire elephant (Lair:6)
  2 merfolk impalers
  A fire dragon (D:15)
  An ice dragon (D:15)
  Josephine (D:12)
  9 hydras
  10 naga warriors
  A rakshasa (D:14)
  5 boulder beetles
  2 catoblepae
  2 salamander tyrants
  3 merfolk aquamancers
  2 merfolk avatars
  9 centaur warriors
  12 death yaks
  8 anacondas
  3 two-headed ogres
  3 satyrs (Shoals:1)
  A tengu warrior (D:15)
  4 orc high priests (Orc:2)
  7 shock serpents
  8 naga sharpshooters
  A salamander mystic (Snake:4)
  A skeletal warrior (D:10)
  8 sea snakes
  A wizard (Gauntlet)
  4 naga ritualists
  7 harpies
  Pikel (D:7)
  6 mana vipers
  3 orc knights
  3 orc sorcerers
  7 manticores
  A deep elf pyromancer (D:13)
  6 cyclopes
  18 ugly things
  8 salamanders
  13 fauns
  13 elephants
  4 guardian serpents
  6 merfolk sirens
  3 torpor snails
  25 black mambas
  Maggie (D:6)
  7 naga magi
  6 water nymphs
  12 cane toads
  An efreet (D:15)
  Psyche (D:8)
  3 rime drakes
  4 yaktaurs (D:13)
  A freezing wraith (D:15)
  8 komodo dragons
  A queen bee (shapeshifter) (D:15)
  A wolf spider simulacrum (Gauntlet)
  4 meliai
  12 merfolk
  A polar bear (Lair:3)
  3 trolls
  A hornet (Lair:6)
  6 wind drakes
  6 slime creatures
  4 dream sheep
  22 blink frogs
  6 snapping turtles
  3 air elementals (Shoals:4)
  9 water elementals
  6 wraiths
  2 shadows
  2 centaur simulacra (Gauntlet)
  2 fire bats (Volcano)
  37 yaks
  3 basilisks
  5 wyverns
  7 vampire mosquitoes
  A warg (Orc:1)
  2 swamp worms (Lair:2)
  36 nagas
  A battlemage (Shoals:4)
  A floating eye (D:15)
  22 water moccasins
  A meliai simulacrum (Gauntlet)
  17 orc warriors
  2 ice beasts (D:6)
  A black bear (D:7)
  4 ogres (Orc:2)
  3 boggarts (D:14)
  7 wolves
  16 centaurs
  A phantom (D:2)
  A kobold brigand (D:8)
  6 bullfrogs
  A necrophage (D:5)
  2 gnoll sergeants (D:10)
  A scorpion (D:5)
  5 wights
  A hornet simulacrum (Gauntlet)
  13 killer bees
  5 electric eels
  A howler monkey (D:6)
  A hound (D:5)
  2 jellies
  8 orc priests
  6 orc wizards
  5 gnolls
  11 adders
  4 shadow imps (Gauntlet)
  A white imp (Gauntlet)
  A worm (D:3)
  4 dart slugs
  40 orcs
  3 ball pythons
  5 bats
  6 endoplasms
  4 giant cockroaches
  4 goblins
  3 hobgoblins
  A jackal (D:5)
  10 kobolds
  3 quokkas
  4 frilled lizards
  4 rats
  A spectral orc (D:13)
723 creatures vanquished.

Vanquished Creatures (collateral kills)
  Polyphemus (Shoals:3)
  A nagaraja (Snake:2)
  An ettin (Orc:2)
  A merfolk impaler (Shoals:3)
  3 merfolk javelineers (Shoals:4)
  4 naga warriors
  2 hydras
  An ice dragon (D:15)
  2 boulder beetles
  4 anacondas
  An alligator snapping turtle (Shoals:2)
  A catoblepas (Shoals:3)
  2 centaur warriors
  3 merfolk aquamancers (Shoals:4)
  A death knight (D:15)
  A satyr (Shoals:2)
  3 two-headed ogres
  2 death yaks (Shoals:3)
  A tengu warrior (D:15)
  Urug (Lair:6)
  2 orc high priests (Orc:2)
  2 shock serpents
  4 naga sharpshooters
  A goliath frog (Lair:4)
  2 salamander mystics
  5 sea snakes
  2 naga ritualists
  A wizard (Gauntlet)
  6 harpies
  2 mana vipers
  3 cyclopes
  3 fauns
  An orc sorcerer (Orc:2)
  8 manticores
  9 ugly things
  6 salamanders
  Maurice (D:13)
  An elephant (Lair:6)
  2 merfolk sirens
  3 naga magi (Snake:4)
  3 water nymphs (Shoals:4)
  13 black mambas
  6 cane toads
  A guardian serpent (Snake:4)
  A gargoyle (D:13)
  2 komodo dragons
  2 unseen horrors
  A tengu conjurer (D:13)
  Grinder (D:6)
  2 polar bears
  A troll (Orc:2)
  A merfolk (Shoals:4)
  16 blink frogs
  4 snapping turtles
  9 dream sheep
  4 slime creatures
  4 wind drakes
  A centaur simulacrum (D:13)
  A spriggan (shapeshifter) (D:13)
  An air elemental (Shoals:4)
  3 wraiths
  A vampire (D:11)
  A steam dragon (Lair:6)
  15 yaks
  2 basilisks
  2 fire bats (Volcano)
  7 water elementals
  5 wyverns
  Eustachio (D:4)
  6 vampire mosquitoes
  A warg (Orc:2)
  8 nagas
  A swamp worm (Lair:2)
  3 acid dragons
  11 water moccasins
  6 orc warriors
  A sky beast (D:5)
  A black bear (D:5)
  3 wolves
  2 ogres
  2 centaurs
  3 phantoms
  A kobold brigand (D:11)
  3 bullfrogs
  2 scorpions
  4 wights (D:6)
  5 killer bees
  A howler monkey (D:4)
  5 electric eels
  A jelly (D:4)
  A gnoll shaman (D:6)
  3 hounds
  6 orc priests
  4 iguanas
  Terence (D:2)
  6 orc wizards
  4 gnolls
  8 adders
  A white imp (D:7)
  An ufetubus (D:5)
  A worm (D:5)
  20 orcs
  2 ball pythons (D:3)
  A bat (D:3)
  2 endoplasms
  A goblin (D:3)
  A hobgoblin (D:2)
  2 jackals (D:5)
  A frilled lizard (D:3)
  6 kobolds
353 creatures vanquished.

Vanquished Creatures (others)
  A naga warrior (Snake:4)
  A manticore (Shoals:4)
  An ugly thing (D:14)
  An acid dragon (D:10)
  An adder (Lair:1)
  42 battlemagi
  5 bushes
  86 fungi
  127 plants
  6 toadstools (Lair:3)
  2 withered plants (D:11)
273 creatures vanquished.

Grand Total: 1349 creatures vanquished

Notes
Turn   | Place    | Note
-------+----------+-------------------------------------------
     0 | D:1      | enile the Demonspawn Wanderer began the quest for the Orb.
     0 | D:1      | enile set off with the following items: a +0 dagger, a
                  | potion of curing, a wand of polymorph (5), a scroll of
                  | vulnerability, a +0 leather armour, a +0 buckler of
                  | protection
     0 | D:1      | Reached XP level 1. HP: 19/19 MP: 1/1
   396 | D:1      | Gained mutation: You have a somewhat thin skeletal
                  | structure. (Dex +2, Stealth+) [demonic ancestry]
   396 | D:1      | Reached XP level 2. HP: 24/25 MP: 2/2
   718 | D:1      | Reached XP level 3. HP: 31/31 MP: 3/3
   943 | D:1      | Found a faded altar of an unknown god.
  1033 | D:1      | Prayed at the altar of an unknown god.
  1033 | D:1      | Became a worshipper of Hepliaklqana the Forgotten
  1033 | D:1      | Reached * piety under Hepliaklqana
  1603 | D:2      | Noticed a phantom
  1621 | D:2      | Killed a phantom
  1622 | D:2      | Reached skill level 3 in Evocations
  1622 | D:2      | Reached XP level 4. HP: 22/34 MP: 4/4
  1622 | D:2      | Reached XP level 5. HP: 24/38 MP: 5/5
  2068 | D:2      | Reached ** piety under Hepliaklqana
  2069 | D:2      | Remembered your ancestor Milos as a battlemage
  2148 | D:2      | Noticed Terence
  2157 | D:2      | Killed Terence
  2158 | D:2      | Reached skill level 5 in Fighting
  2158 | D:2      | Reached skill level 1 in Dodging
  2773 | D:3      | Gained mutation: You regenerate magic rapidly. [demonic
                  | ancestry]
  2773 | D:3      | Reached XP level 6. HP: 45/45 MP: 6/6
  2815 | D:3      | Reached skill level 1 in Invocations
  2902 | D:3      | Found an opulent altar of Gozag.
  3478 | D:4      | Found a staircase to the Ecumenical Temple.
  3497 | D:4      | Noticed Eustachio
  3504 | D:4      | Killed Eustachio
  3505 | D:4      | Reached skill level 5 in Shields
  3505 | D:4      | Reached skill level 1 in Throwing
  3505 | D:4      | Reached XP level 7. HP: 50/50 MP: 10/10
  3513 | D:4      | Found a snail-covered altar of Cheibriados.
  3679 | D:4      | Found a shadowy altar of Dithmenos.
  3755 | D:4      | Reached *** piety under Hepliaklqana
  4373 | D:5      | Entered Level 5 of the Dungeon
  4466 | D:5      | Reached skill level 1 in Armour
  4848 | D:5      | Gained mutation: When hurt, damage is shared between your
                  | health and your magic reserves. [demonic ancestry]
  4848 | D:5      | Reached XP level 8. HP: 55/55 MP: 11/11
  4997 | D:5      | Learned a level 1 spell: Sandblast
  5061 | D:6      | Reached skill level 1 in Earth Magic
  5103 | D:6      | Reached skill level 1 in Spellcasting
  5103 | D:6      | Noticed Maggie
  5241 | D:6      | Killed Maggie
  5457 | D:6      | Found an ornate altar of the Wu Jian Council.
  6168 | D:6      | Gained mutation: You have large cloven feet. [demonic
                  | ancestry]
  6168 | D:6      | Reached XP level 9. HP: 34/61 MP: 7/12
  6316 | D:6      | Reached skill level 5 in Dodging
  6483 | D:6      | Identified a scroll of acquirement
  6483 | D:6      | Acquired a +2 demon blade of draining
  6486 | D:6      | Found a hazy altar of Hepliaklqana.
  6488 | D:6      | Found a bloodstained altar of Trog.
  6620 | D:6      | Found a sparkling altar of Nemelex Xobeh.
  6665 | D:6      | Reached **** piety under Hepliaklqana
  6665 | D:6      | Noticed Grinder
  6680 | D:6      | Killed Grinder
  6681 | D:6      | Reached skill level 5 in Armour
  6818 | D:7      | Noticed Pikel
  6826 | D:7      | Killed Pikel
  6985 | D:7      | Reached skill level 5 in Long Blades
  7657 | D:8      | Found a radiant altar of Vehumet.
  7664 | D:8      | Reached skill level 5 in Invocations
  7667 | D:8      | Reached XP level 10. HP: 62/71 MP: 11/14
  7727 | D:8      | Noticed Psyche
  7735 | D:8      | Killed Psyche
  8009 | D:8      | Reached skill level 4 in Evocations
  8014 | D:8      | Reached skill level 5 in Evocations
  8032 | D:8      | Reached skill level 1 in Stealth
  8235 | D:8      | Found a staircase to the Lair.
  8564 | D:9      | Found a sacrificial altar of Ru.
  8689 | D:9      | Noticed a two-headed ogre
  8698 | D:9      | Killed a two-headed ogre
  8699 | D:9      | Gained mutation: A weak demonic guardian rushes to your
                  | aid. [demonic ancestry]
  8699 | D:9      | Reached XP level 11. HP: 61/78 MP: 11/16
  9303 | D:9      | Found a shimmering blue altar of Sif Muna.
 10001 | D:10     | Entered Level 10 of the Dungeon
 10027 | D:10     | Found an ancient bone altar of Kikubaaqudgha.
 10027 | D:10     | Found an iron altar of Okawaru.
 10168 | Lair:1   | Entered Level 1 of the Lair of Beasts
 10421 | Lair:1   | Reached skill level 6 in Evocations
 10468 | Lair:1   | Reached ***** piety under Hepliaklqana
 10681 | Lair:1   | Reached skill level 7 in Evocations
 10694 | Lair:1   | Identified the +0 ring mail of Etsoch {Harm +Inv rF++
                  | Int-4}
 11035 | Lair:1   | Reached skill level 10 in Fighting
 12474 | Lair:2   | Reached XP level 12. HP: 87/87 MP: 17/17
 12692 | Lair:2   | Identified the ring of Finality {rCorr MP+9 Slay+3}
 13026 | Lair:2   | Reached skill level 5 in Throwing
 13204 | Lair:2   | Noticed a four-headed hydra
 13250 | Lair:2   | Killed a four-headed hydra
 13468 | Lair:2   | Found a staircase to the Shoals.
 13602 | Lair:2   | Reached skill level 8 in Evocations
 14188 | Lair:3   | Noticed a seven-headed hydra
 14198 | Lair:3   | Reached skill level 9 in Evocations
 15052 | Lair:3   | Killed a seven-headed hydra
 15191 | Lair:3   | Reached XP level 13. HP: 70/95 MP: 19/19
 15382 | Lair:3   | Noticed a dire elephant
 15382 | Lair:3   | Noticed a dire elephant
 15404 | Lair:3   | Found a runed translucent door.
 15652 | Lair:4   | Found a staircase to the Snake Pit.
 15683 | Lair:4   | Found a dark tunnel.
 15689 | Volcano  | Entered a volcano
 15882 | Volcano  | Reached skill level 10 in Evocations
 16178 | Volcano  | Reached skill level 5 in Stealth
 18025 | Lair:5   | Found a hide-covered altar of Uskayaw.
 18025 | Lair:5   | Found an ornate altar of the Wu Jian Council.
 18829 | Lair:5   | Found a viscous altar of Jiyva.
 18829 | Lair:5   | Found a staircase to the Slime Pits.
 19058 | Lair:5   | Noticed Snorg
 19073 | Lair:5   | Reached skill level 11 in Evocations
 19074 | Lair:5   | Killed Snorg
 19402 | Lair:6   | Entered Level 6 of the Lair of Beasts
 19473 | Lair:6   | Noticed a dire elephant
 19488 | Lair:6   | Killed a dire elephant
 19489 | Lair:6   | Gained mutation: A demonic guardian rushes to your aid.
                  | [demonic ancestry]
 19489 | Lair:6   | Reached XP level 14. HP: 81/106 MP: 20/20
 19638 | Lair:6   | Reached ****** piety under Hepliaklqana
 19650 | Lair:6   | HP: 3/106 [poisoned by a cane toad]
 20117 | Lair:6   | Noticed Urug
 20139 | Lair:6   | Killed Urug
 21117 | Lair:6   | Reached skill level 12 in Evocations
 21750 | Lair:6   | Reached skill level 10 in Invocations
 22375 | Lair:6   | Reached skill level 13 in Evocations
 23677 | D:10     | You fall into a shaft and drop 3 floors!
 23677 | D:13     | Noticed Maurice
 23681 | D:13     | Killed Maurice
 24159 | D:12     | Found a staircase to the Orcish Mines.
 24511 | D:12     | Gained mutation: You are agile. (Dex +2) [potion of
                  | mutation]
 24511 | D:12     | Gained mutation: Your mind is acute. (Int +2) [potion of
                  | mutation]
 24975 | D:12     | Noticed Josephine
 24982 | D:12     | Killed Josephine
 24983 | D:12     | Reached XP level 15. HP: 113/113 MP: 23/23
 25870 | Orc:1    | Entered Level 1 of the Orcish Mines
 26284 | Orc:2    | Entered Level 2 of the Orcish Mines
 26307 | Orc:2    | Found Gittexto's Antique Armour Emporium.
 26327 | Orc:2    | Bought a pair of glowing gloves for 202 gold pieces
 26414 | Orc:2    | Found Kam Cexe's Antique Weapon Shop.
 26439 | Orc:2    | Noticed an orc warlord
 26451 | Orc:2    | Found a gate leading to a gauntlet.
 26460 | Orc:2    | Found Celet's Book Boutique.
 26469 | Orc:2    | Killed an orc warlord
 26484 | Gauntlet | Entered a Gauntlet
 26484 | Gauntlet | Found a transporter.
 26484 | Gauntlet | Found a transporter.
 26484 | Gauntlet | Found a transporter.
 26850 | Gauntlet | Found a transporter.
 26853 | Gauntlet | Found a transporter.
 26853 | Gauntlet | Found a transporter.
 26863 | Gauntlet | Found a transporter.
 26867 | Gauntlet | Found a transporter.
 26879 | Gauntlet | Found a transporter.
 26882 | Gauntlet | Found a transporter.
 26901 | Gauntlet | Found a transporter.
 26905 | Gauntlet | Found a transporter.
 27346 | Gauntlet | Identified the amulet of Jecuom {Faith Regen+}
 27412 | Gauntlet | Identified the amulet of Tirpheore {Reflect +Blink rElec
                  | Str+3 SH+5}
 28000 | Orc:2    | Reached skill level 10 in Long Blades
 28190 | Orc:2    | Found Qihaeb's General Store.
 28206 | Orc:2    | Bought a potion of might for 48 gold pieces
 28206 | Orc:2    | Bought 3 potions of mutation for 288 gold pieces
 28206 | Orc:2    | Bought a potion of mutation for 96 gold pieces
 28206 | Orc:2    | Bought a scroll of teleportation for 36 gold pieces
 28215 | Orc:2    | Found a staircase to the Elven Halls.
 28609 | Orc:2    | Bought a runed ring mail for 189 gold pieces
 29044 | D:13     | Found a gate to the Vaults.
 29857 | D:13     | Found a hazy altar of Hepliaklqana.
 30998 | D:15     | Entered Level 15 of the Dungeon
 31235 | D:15     | Gained mutation: You have a moderately thin skeletal
                  | structure. (Dex +4, Stealth++) [demonic ancestry]
 31235 | D:15     | Reached XP level 16. HP: 114/119 MP: 25/25
 31351 | D:15     | Paralysed by a floating eye for 4 turns
 31356 | D:15     | Paralysed by a floating eye for 3 turns
 31656 | D:15     | Found a staircase to the Depths.
 31950 | D:15     | Found a shadowy altar of Dithmenos.
 32920 | D:11     | Identified the +7 quick blade of Dudegax {holy, rF+ rC+
                  | Int-5 Dex+4}
 33190 | D:11     | Found a runed translucent door.
 33191 | D:11     | Noticed enile's ghost (journeyman FoWn)
 33656 | D:11     | Killed enile's ghost
 33659 | D:11     | Identified the +7 war axe "Leviticus" {vorpal, Will+}
 33847 | D:10     | Found a runed translucent door.
 33864 | D:10     | Identified the ring of Daffodils {rElec rF+ rN+ Slay+2
                  | Stlth-}
 33878 | D:10     | Reached skill level 14 in Evocations
 34016 | D:10     | Found a runed translucent door.
 34019 | D:10     | Found a runed translucent door.
 34035 | D:10     | Got Sif Muna's Tome of Hurtful Contamination
 34183 | D:10     | Found a shimmering blue altar of Sif Muna.
 34741 | Snake:1  | Entered Level 1 of the Snake Pit
 35056 | Snake:1  | Found Mogyor's Jewellery Emporium.
 35056 | Snake:1  | Found Siumorcheo's Distillery.
 35076 | Snake:1  | Bought a potion of lignification for 39 gold pieces
 35076 | Snake:1  | Bought a potion of might for 52 gold pieces
 35076 | Snake:1  | Bought a potion of curing for 39 gold pieces
 35076 | Snake:1  | Bought a potion of heal wounds for 65 gold pieces
 35076 | Snake:1  | Bought a potion of invisibility for 104 gold pieces
 35076 | Snake:1  | Bought a potion of heal wounds for 65 gold pieces
 36671 | Snake:2  | Found Gyol's Gadget Gallery.
 36804 | Snake:2  | Bought a box of beasts for 720 gold pieces
 36804 | Snake:2  | Bought a wand of iceblast (7) for 198 gold pieces
 37042 | Snake:2  | Gained mutation: You have hoof-like feet. [demonic
                  | ancestry]
 37042 | Snake:2  | Reached XP level 17. HP: 86/125 MP: 24/26
 37232 | Snake:2  | Reached skill level 10 in Armour
 38389 | Snake:3  | Found Jerch's Assorted Antiques.
 38400 | Snake:3  | Bought a thin peridot amulet for 145 gold pieces
 38405 | Snake:3  | Identified the +10 quarterstaff of Jivy {vorpal, Int+4}
 38696 | Snake:3  | Found Ewoniuq's Magic Scroll Boutique.
 38736 | Snake:3  | Bought a scroll of fog for 28 gold pieces
 38736 | Snake:3  | Bought a scroll of immolation for 49 gold pieces
 38736 | Snake:3  | Bought a scroll of torment for 105 gold pieces
 38967 | Snake:3  | Got the Incunabulum of Viperous Confrontation
 39201 | Snake:3  | Reached skill level 10 in Shields
 39379 | Snake:4  | Entered Level 4 of the Snake Pit
 39667 | Snake:4  | Found a burning altar of Makhleb.
 40743 | Snake:4  | Reached skill level 15 in Evocations
 41138 | Snake:4  | Got a serpentine rune of Zot
 41306 | Snake:4  | Noticed Vashnia
 41331 | Snake:4  | Killed Vashnia
 41728 | Shoals:1 | Entered Level 1 of the Shoals
 41839 | Shoals:1 | Gained mutation: You have hooves in place of feet. [demonic
                  | ancestry]
 41839 | Shoals:1 | Reached XP level 18. HP: 97/131 MP: 27/27
 41868 | Shoals:1 | Reached skill level 16 in Evocations
 43747 | Shoals:2 | Found Cakh's Armour Boutique.
 43795 | Shoals:2 | Acquired a manual of Fighting
 44468 | Shoals:3 | Noticed Ilsuiw
 44477 | Shoals:3 | Killed Ilsuiw
 44650 | Shoals:3 | Found a runed translucent gate.
 44650 | Shoals:3 | Found a runed translucent gate.
 44650 | Shoals:3 | Found a runed translucent gate.
 44655 | Shoals:3 | Noticed enile's ghost (adept MiWn)
 44679 | Shoals:3 | Identified the +1 falchion "Tabouruq" {speed, Str+3 Int+4}
 44722 | Shoals:3 | Noticed Polyphemus
 44733 | Shoals:3 | Killed Polyphemus
 45039 | Shoals:4 | Entered Level 4 of the Shoals
 45085 | Shoals:4 | Paralysed by an air elemental for 1 turns
 45405 | Shoals:4 | Noticed Donald
 45411 | Shoals:4 | Killed Donald
 45456 | Shoals:4 | Found a stormy altar of Qazlal.
 46025 | Shoals:4 | Paralysed by an air elemental for 1 turns
 46055 | Shoals:4 | Reached skill level 15 in Shields
 46160 | Shoals:4 | Paralysed by an air elemental for 1 turns
 46163 | Shoals:4 | Paralysed by an air elemental for 1 turns
 46765 | Shoals:4 | Noticed Mara
 46777 | Shoals:4 | Noticed enile's illusion
 47094 | Shoals:4 | Noticed enile's illusion
 47113 | Shoals:4 | HP: 3/131 [enile's illusion (illusionary)[Mara] (23)]
 47113 | Shoals:4 | Slain by enile's illusion (illusionary)

Illustrated notes

Levels and vault maps discovered:
D:1:      amcnicky_arrival_flooded_fountain, layout_loops_corners,
          hellmonk_ecumenical_altar_heavens_door
D:2:      layout_loops_ring, uniq_terence
D:3:      layout_basic, overflow_temple_1_default, st_stairs_1,
          corexii_corridor_pit, grunt_decor_one_mirror, minivault_11
D:4:      layout_cave_pods, mainiacjoe_overflow_tiny_flanked,
          mainiacjoe_overflow_catwalk, minmay_temple_entry_large_hall,
          uniq_eustachio
D:5:      layout_cave_pools
D:6:      layout_rooms, nemelex_diamond_rough_becter, pf_just_have_faith,
          chequers_temple_overflow_statue_of_worship, uniq_maggie, uniq_grinder
D:7:      layout_loops_ring, glass_columns_a, minmay_misc_feat_diagonals,
          uniq_pikel
D:8:      layout_loops_ring, old_standard_altar,
          nicolae_elyvilon_peaceful_grove, minmay_lair_entry_grove, uniq_psyche
D:9:      layout_long_grid, mainiacjoe_overflow_cross_hatched,
          mainiacjoe_overflow_concentric_impassable, nicolae_figureground_pulse
D:10:     minmay_the_grid_triangle_9x9_recursive_2_mashed
          [minmay_the_grid_triangle_9x9_prize_insulated,
          minmay_the_grid_triangle_9x9_fully_insulated_deathbox,
          minmay_the_grid_triangle_9x9_zippers_vertical,
          minmay_the_grid_triangle_9x9_windchime], layout_basic,
          amethyst_overflow_temple_binary, hangedman_feature_mirror
D:11:     layout_layer_cave, gammafunk_ghost_grave,
          chequers_serial_rivers_micro_a
D:12:     layout_basic, david_orc_3, uniq_josephine
D:13:     layout_roguey, skrybe_vaults_entry_preservation, nicolae_two_hexagons,
          grunt_ministairs_4, nicolae_hepliaklqana_monster_ancestors,
          uniq_maurice
D:14:     layout_gridville, tso_altar
D:15:     grunt_enter_depths_hoard, layout_long_grid,
          nicolae_dithmenos_the_darkroom, onia_ninara_cookie
Lair:1:   lemuel_reptile_caves, layout_hall_layers, dpeg_stationary_puzzle,
          lemuel_fruit_tree, serial_bayou_shore_b
Lair:2:   layout_long_grid, elwin_shoals_entry_rooms, serial_bayou_pond_c,
          worms_lemuel
Lair:3:   gammafunk_lair_enchanted_lake, layout_small_grid
Lair:4:   layout_loops_ring, minmay_snake_entry_guardpost_small, enter_volcano_2
Lair:5:   layout_roguey, dpeg_slime_entry_enclosed_altar,
          nzn_masters_of_martial_movement, uniq_snorg
Lair:6:   gammafunk_lair_ancient_temple, layout_long_grid, uniq_urug
Shoals:1: cheibrodos_shoals_satyrical_garden, layout_shoals,
          nicolae_shoals_shepherds
Shoals:2: layout_shoals, nicolae_take_the_stairs
Shoals:3: layout_shoals, gammafunk_ghost_necromancy, uniq_polyphemus,
          uniq_ilsuiw
Shoals:4: shoals_end_hellmonk_storm_palace [storm_palace_center_square,
          storm_palace_corner_narrow, storm_palace_corner_altar,
          storm_palace_corner_pillars, storm_palace_corner_reverse_hut],
          uniq_mara, uniq_donald
Snake:1:  layout_layer_cave, minmay_shoptagon
Snake:2:  layout_concentric_octagons, grunt_ministairs_13, abandoned_shop,
          nicolae_shop_gadgets
Snake:3:  layout_layer_cave, serial_shops, shop, minmay_shop_star,
          serial_bayou_shore_b
Snake:4:  minmay_snake_end_coiled, layout_cave_town, basic_altar,
          grunt_ministairs_15, uniq_vashnia
Orc:1:    emtedronai_trogs_sanctum, layout_diamond_mine, nicolae_alphabet_shops,
          mines1_david
Orc:2:    grunt_orc_gardens, layout_caves, grunt_orc_garden, grunt_orc_garden,
          grunt_orc_garden, grunt_orc_garden, gauntlet_entry_generic

Skill      XL: |  1  2  3  4  5  6  7  8  9 10 11 12 13 14 15 16 17 18 |
---------------+-------------------------------------------------------+-----
Shields        | 4 5 6 7 9 12 15 | 15.0
Evocations     | 3 5 7 9 11 13 14 15 16 | 16.0
Fighting       | 5 6 7 8 10 11 13 14 | 14.0
Dodging        | 3 4 5 6 7 8 |  8.0
Invocations    | 4 5 7 8 11 12 13 | 13.0
Throwing       | 1 3 4 5 7 |  7.0
Long Blades    | 2 3 5 6 8 11 12 | 12.0
Armour         | 3 5 7 9 11 | 11.9
Earth Magic    | 3 |  3.0
Spellcasting   | 2 |  2.0
Stealth        | 3 4 5 |  5.0

Action                   |  1- 3 |  4- 6 |  7- 9 | 10-12 | 13-15 | 16-18 || total
-------------------------+-------+-------+-------+-------+-------+-------++-------
Melee: Dagger            |    12 |       |       |       |       |       ||    12
       Mace              |    77 |       |       |       |       |       ||    77
       Long sword        |    14 |    80 |     8 |       |       |       ||   102
       Falchion          |       |       |   103 |       |       |       ||   103
       Demon blade       |       |       |    66 |   483 |   646 |   774 ||  1969
       Kick              |       |       |    10 |       |       |    95 ||   105
Throw: Dart              |     4 |       |     3 |    29 |    54 |    16 ||   106
       Javelin           |     4 |     6 |     3 |       |    60 |   147 ||   220
       Boomerang         |       |       |    13 |     3 |       |       ||    16
       Throwing net      |       |       |       |     1 |     4 |     6 ||    11
 Cast: Sandblast         |       |       |    16 |       |       |       ||    16
Invok: Ancestor Life: Ba |       |     1 |       |       |       |       ||     1
       Recall Ancestor   |       |       |     4 |     4 |     2 |       ||    10
       Idealise          |       |       |       |     1 |       |       ||     1
 Abil: Evoke Invisibilit |       |       |       |       |     1 |       ||     1
Evoke: Wand              |       |       |       |     6 |    21 |     8 ||    35
       Tin of tremorston |       |       |       |     2 |     8 |    14 ||    24
       Condenser vane    |       |       |       |       |       |     5 ||     5
       Phantom mirror    |       |       |       |       |       |     5 ||     5
       Box of beasts     |       |       |       |       |       |     5 ||     5
       Phial of floods   |       |       |       |       |       |     4 ||     4
  Use: Scroll            |     3 |     2 |     8 |    15 |    17 |     6 ||    51
       Potion            |       |       |       |       |     8 |    10 ||    18
 Stab: Sleeping          |       |       |     3 |    12 |    15 |     1 ||    31
       Distracted        |       |       |       |     5 |    14 |    18 ||    37
       Petrified         |       |       |       |       |     2 |     3 ||     5
       Held in net/web   |       |       |       |       |     1 |     1 ||     2
Armor: Leather armour    |     9 |       |    42 |    31 |       |       ||    82
       Chain mail        |    85 |    59 |    32 |       |       |       ||   176
       Ring mail         |       |       |       |   110 |   209 |     1 ||   320
       Gold dragon scale |       |       |       |       |       |   396 ||   396
Dodge: Dodged            |    26 |    28 |    93 |   349 |   429 |   132 ||  1057
Block: Buckler           |    25 |    26 |    66 |   164 |   305 |   134 ||   720
       Reflection        |       |       |       |       |     6 |   117 ||   123
       Tower shield      |       |       |       |       |       |   178 ||   178
       Kite shield       |       |       |       |       |       |   466 ||   466

Table legend: (Time is in decaauts)
 A = Elapsed time spent in this place.
 B = Non-inter-level travel time spent in this place.
 C = Inter-level travel time spent in this place.
 D = Time resting spent in this place.
 E = Time spent auto-exploring this place.
 F = Levels seen in this place.
 G = Mean time per level.
                   A        B        C        D        E       F      G
               +--------+--------+--------+--------+--------+-----+--------+
         Total |  47586 |  45476 |   2110 |   2251 |  36200 |  33 | 1442.0 |
       Dungeon |  18831 |  17668 |   1163 |    566 |  14477 |  15 | 1255.4 |
          Lair |  12221 |  11722 |    499 |   1558 |   8516 |   6 | 2036.8 |
        Shoals |   5656 |   5507 |    149 |     56 |   4577 |   4 | 1414.0 |
     Snake Pit |   6881 |   6689 |    192 |     71 |   5676 |   4 | 1720.2 |
  Orcish Mines |   1625 |   1519 |    106 |      0 |   1109 |   2 |  812.5 |
       Volcano |   1221 |   1221 |      0 |      0 |   1023 |   1 | 1221.0 |
      Gauntlet |   1149 |   1149 |      0 |      0 |    820 |   1 | 1149.0 |
               +--------+--------+--------+--------+--------+-----+--------+

Top non-repeatable levels by time:
  Lair:5: 2927 daAuts
  Lair:1: 2359 daAuts
  Lair:6: 2343 daAuts
 Snake:4: 2216 daAuts
Shoals:4: 2093 daAuts
 Snake:1: 1873 daAuts
  Lair:2: 1849 daAuts
    D:12: 1847 daAuts
 Snake:2: 1803 daAuts
    D:13: 1651 daAuts
     D:9: 1579 daAuts
Shoals:2: 1540 daAuts
  Lair:3: 1534 daAuts
     D:2: 1381 daAuts
    D:11: 1362 daAuts
